 Dungeon Crawl Stone Soup version 0.30-a0-652-gcc886f7154 (webtiles) character file.

Game seed: 6681440430379504243

63 ragingrage the Cudgeller (level 3, -7/33 HPs)
             Began as a Troll Wanderer on Jan 17, 2023.
             Mangled by an ogre
             ... wielding a +0 giant club
              (18 damage)
             ... on level 4 of the Dungeon.
             The game lasted 00:01:02 (832 turns).

ragingrage the Cudgeller (Troll Wanderer)            Turns: 832, Time: 00:01:03

Health: -7/33      AC:  5    Str: 19    XL:     3   Next: 89%
Magic:  11/12      EV:  9    Int: 10    God:
Gold:   65         SH:  0    Dex: 10    Spells: 3/4 levels left

rFire   . . .      SeeInvis .      - Unarmed
rCold   . . .      Faith    .    (no shield)
rNeg    . . .      Spirit   .    c - +0 robe
rPois   .          Reflect  .    (helmet restricted)
rElec   .          Harm     .    d - +0 cloak
rCorr   .          Rampage  .    (gloves unavailable)
Will    .....                    (boots unavailable)
Stlth   +                        (no amulet)
HPRegen 1.05/turn                g - ring of magical power
MPRegen 0.13/turn                (no ring)

@: very slightly contaminated
A: large, unfitting armour, claws 3, regeneration 1, shaggy fur 1, tough skin 1
a: no special abilities


You were on level 4 of the Dungeon.
You visited 1 branch of the dungeon, and saw 3 of its levels.

You collected 65 gold pieces.

Inventory:

Hand Weapons
 a - a +1 mace
Armour
 c - a +0 robe (worn)
 d - a +0 cloak (worn)
Jewellery
 g - a ring of magical power (left claw)
Scrolls
 e - a scroll of identify {unknown}
 f - a scroll of noise {unknown}
 h - a scroll of enchant weapon {unknown}
Potions
 b - a potion of might
 i - a potion of degeneration {unknown}
 j - 3 potions of flight {unknown}
 k - a potion of heal wounds {unknown}


   Skills:
 - Level 1.5 Fighting
 - Level 3.6 Maces & Flails
 + Level 3.6 Unarmed Combat
 - Level 1.0 Spellcasting
 - Level 2.1 Poison Magic


You had 3 spell levels left.
You knew the following spells:

 Your Spells              Type           Power      Damage    Failure   Level
a - Sting                 Tmut/Pois      8%         1d3       22%         1

Your spell library contained the following spells:

 Spells                   Type           Power      Damage    Failure   Level
 Poisonous Vapours        Pois/Air       4%         N/A       32%         2
 Olgreb's Toxic Radiance  Pois           4%         N/A       80%         4


Dungeon Overview and Level Annotations

Branches:
Dungeon (2/15)

Altars:

Shops:
D:1 =


Innate Abilities, Weirdness & Mutations

You are too large for most types of armour.
You have claws for hands.
Your natural rate of healing is unusually fast.
You are covered in fur. (AC +1)
You have tough skin. (AC +1)


Message History

A sourceless malevolence fills the Dungeon...
You fall into a shaft and drop 2 floors!
The shaft crumbles and collapses.
Found a short sword.
An ogre comes into view. It is wielding a +0 giant club.
The ogre shouts!
The ogre moves out of view.
An ogre is nearby!
An ogre is nearby!
An ogre is nearby!
Aiming: Sting (safe; 22% risk of failure)
Press: ? - help, Q - select action Shift-Dir - straight line, f - ogre
Aim: an ogre, wielding a +0 giant club (83% to hit)
You miscast Sting.
You are very lightly contaminated with residual magic.
Nothing appears to happen.
Casting: Sting (safe; 22% risk of failure)
Confirm with . or Enter, or press ? or * to list all spells.
Okay, then.
Aiming: Sting (safe; 22% risk of failure)
Press: ? - help, Q - select action Shift-Dir - straight line, f/p - ogre
Aim: an ogre, wielding a +0 giant club (83% to hit)
The sting misses the ogre.
You barely miss the ogre. You claw the ogre!
The ogre is moderately wounded.
You completely miss the ogre.
The ogre is moderately wounded.
The ogre hits you with a +0 giant club!!
Ouch! That really hurt!
* * * LOW HITPOINT WARNING * * *
You closely miss the ogre.
The ogre is moderately wounded.
The ogre barely misses you.
You claw the ogre!
The ogre is heavily wounded.
You scratch the ogre.
The ogre is severely wounded.
The ogre hits you with a +0 giant club!!
Ouch! That really hurt!
You die...

. ######## ..
#......# ...
#......# ....
#......#
.....##..)...#
.............#
..##@.....#
#O######
#.....#
#.#.... #...#.
....#.. ##.###
.# #. .# #. #


You could see an ogre.

Vanquished Creatures
  A gnoll (D:1)
  5 dart slugs (D:1)
  A ball python (D:1)
  4 bats (D:1)
  An endoplasm (D:1)
  3 giant cockroaches (D:1)
  5 goblins (D:1)
  2 hobgoblins (D:1)
  9 jackals (D:1)
  3 kobolds (D:1)
  2 frilled lizards (D:1)
  3 rats (D:1)
39 creatures vanquished.

Notes
Turn   | Place    | Note
-------+----------+-------------------------------------------
     0 | D:1      | ragingrage the Troll Wanderer began the quest for the Orb.
     0 | D:1      | ragingrage set off with the following items: a +1 mace, a
                  | potion of might, a +0 robe; and the following spell
                  | memorised: Sting; and the following spells available to
                  | memorise: Poisonous Vapours, Olgreb's Toxic Radiance.
     0 | D:1      | Reached XP level 1. HP: 19/19 MP: 1/1
    54 | D:1      | Reached skill level 1 in Unarmed Combat
   183 | D:1      | Reached XP level 2. HP: 26/27 MP: 2/2
   319 | D:1      | Reached XP level 3. HP: 33/33 MP: 3/3
   370 | D:1      | Found Nafos's Jewellery Shoppe.
   820 | D:2      | You fall into a shaft and drop 2 floors!
   822 | D:4      | Noticed an ogre
   832 | D:4      | Mangled by an ogre

Illustrated notes

Levels and vault maps discovered:
D:1:      dpeg_arrival_arbitrary_c, layout_loops_ring, serial_shops,
          nicolae_diamond_shop, wad_floor_pattern_untrapped,
          supply_closet_lemuel, minmay_tromino_v7
D:2:      layout_basic
D:4:      layout_basic, serial_shops, nicolae_shop_overgrown_old_shop,
          grunt_decor_resistance

Skill      XL: |  1  2  3 |
---------------+----------+-----
Unarmed Combat | 1 2 3 |  3.6
Fighting       | |  1.5
Maces & Flails | |  3.6
Spellcasting   | |  1.0
Poison Magic   | |  2.1

Action                   || total
-------------------------++-------
Melee: Unarmed           ||   117
       Punch             ||     1
 Cast: Sting             ||     1
Armor: Robe              ||    74
Dodge: Dodged            ||    69

Table legend: (Time is in decaauts)
 A = Elapsed time spent in this place.
 B = Non-inter-level travel time spent in this place.
 C = Inter-level travel time spent in this place.
 D = Time resting spent in this place.
 E = Time spent auto-exploring this place.
 F = Levels seen in this place.
 G = Mean time per level.
                   A        B        C        D        E       F      G
               +--------+--------+--------+--------+--------+-----+--------+
         Total |    824 |    789 |     35 |      7 |    550 |   3 |  274.7 |
       Dungeon |    824 |    789 |     35 |      7 |    550 |   3 |  274.7 |
               +--------+--------+--------+--------+--------+-----+--------+

Top non-repeatable levels by time:
     D:1: 797 daAuts
     D:2: 15 daAuts
     D:4: 11 daAuts
